[Event "Tuesday 24 April Rapid Engine Tour 12+1 Rounds 9 Starts 1600ST"]
[Site "Infinity Chess"]
[Date "2018.4.24"]
[Round "4"]
[White "Vimtiroba"]
[Black "KhalidOmar"]
[Result "1/2-1/2"]
[ECO "A05"]
[WhiteElo "2423"]
[BlackElo "2429"]
[WhiteEngine "AsmFish A10_CTG"]
[BlackEngine "Eman 1.70-beta24 64-bit BMI2"]
[EventType "Swiss"]
[WhiteTeam ""]
[BlackTeam ""]
[PlyCount "121"]
[TimeControl "720+1"]

1. Nf3 Nf6 2. d4 d5 3. g3 c5 4. c3 e6 5. Bg2 Be7 6. O-O O-O 7. c4 dxc4 
8. dxc5 Bxc5 9. Qc2 Nc6 10. Qxc4 Qd5 11. Nfd2 Qh5 12. Bf3 Qe5 13. Nc3 Bb6 
14. Nde4 Nxe4 15. Bxe4 Qh5 16. Bf3 Qa5 17. Rd1 Ne5 18. Qe4 Nxf3+ 19. exf3 Qf5 
20. Be3 Qxe4 21. Nxe4 Bxe3 22. fxe3 b6 23. Nd6 e5 24. e4 f6 25. Kf2 Rd8 
26. Nxc8 Raxc8 27. Rxd8+ Rxd8 28. Ke3 Rc8 29. Rd1 h5 30. a3 Kf8 31. Rd7 Rc2 
32. Rd2 Rxd2 33. Kxd2 Ke7 34. g4 h4 35. Kc3 Kf7 36. a4 Kg6 37. Kd2 Kg5 
38. Ke3 a5 39. Kd2 Kg6 40. Ke3 Kf7 41. Kd3 Ke6 42. Kc4 Kd6 43. Kb5 Kc7 
44. Kc4 Kc6 45. h3 g6 46. b4 axb4 47. Kxb4 Kd7 48. Kc4 Kd6 49. Kb5 Kc7 
50. Kb4 Kd7 51. Kc3 Kc7 52. Kd3 Kb7 53. Kc4 Kc6 54. Kb4 g5 55. Kc4 Kd6 
56. Kb5 Kc7 57. Kb4 Kd7 58. Kb5 Kc7 59. Kb4 Kb8 60. Kc4 Kc7 61. Kb4 1/2-1/2

[Event "Tuesday 24 April Rapid Engine Tour 12+1 Rounds 9 Starts 1600ST"]
[Site "Infinity Chess"]
[Date "2018.4.24"]
[Round "4"]
[White "Eman"]
[Black "hafaba"]
[Result "1/2-1/2"]
[ECO "C03"]
[WhiteElo "2440"]
[BlackElo "2438"]
[WhiteEngine "Eman 1.70-beta25 64-bit POPCNT"]
[BlackEngine "Eman 1.70-beta21 64-bit POPCNT_CTG"]
[EventType "Swiss"]
[WhiteTeam ""]
[BlackTeam ""]
[PlyCount "92"]
[TimeControl "720+1"]

1. e4 e6 2. d4 d5 3. Nd2 dxe4 4. Nxe4 Bd7 5. Nf3 Bc6 6. Bd3 Nd7 7. c3 Ngf6 
8. Nxf6+ Nxf6 9. Bf4 Nd7 10. O-O Bd6 11. Bg3 O-O 12. Qe2 Bxf3 13. Qxf3 Bxg3 
14. fxg3 c6 15. Rae1 Qg5 16. h4 Qd5 17. g4 Qxf3 18. Rxf3 Rad8 19. g5 c5 
20. dxc5 Nxc5 21. Bc4 Rc8 22. Bf1 Rfd8 23. b4 Nd7 24. a4 Nf8 25. a5 Ng6 
26. h5 Ne7 27. Re4 g6 28. Ref4 Nf5 29. g4 Nd6 30. Re3 b6 31. axb6 axb6 
32. Kf2 Kf8 33. h6 Ke7 34. c4 Rf8 35. Kg3 f5 36. gxf6+ Rxf6 37. Ra3 Rxf4 
38. Ra7+ Kf6 39. Kxf4 g5+ 40. Kg3 Nxc4 41. Rxh7 Ne5 42. Rb7 Rc3+ 43. Kg2 Rc2+ 
44. Kg3 Rc3+ 45. Kg2 Rc2+ 46. Kg3 Rc3+ 1/2-1/2

[Event "Tuesday 24 April Rapid Engine Tour 12+1 Rounds 9 Starts 1600ST"]
[Site "Infinity Chess"]
[Date "2018.4.24"]
[Round "4"]
[White "ocirema"]
[Black "MarioDeMonti"]
[Result "1/2-1/2"]
[ECO "D70"]
[WhiteElo "2442"]
[BlackElo "2450"]
[WhiteEngine "Eman 1.70-beta21 64-bit POPCNT_CTG"]
[BlackEngine "stockfish_x64_bmi2_2018_02_18_CTG"]
[EventType "Swiss"]
[WhiteTeam ""]
[BlackTeam ""]
[PlyCount "86"]
[TimeControl "720+1"]

1. d4 Nf6 2. c4 g6 3. f3 c5 4. d5 d6 5. Nc3 Bg7 6. e4 O-O 7. Bg5 a6 8. Qd2 Qa5 
9. a4 Nbd7 10. Be2 Qb4 11. a5 b6 12. Qc2 bxa5 13. Bd2 Ne8 14. Ra2 Qb7 15. f4 e6 
16. Nf3 exd5 17. Nxd5 Nef6 18. Ne7+ Kh8 19. Ng5 Nb8 20. Nxc8 Qxc8 21. h4 Nc6 
22. h5 Kg8 23. hxg6 fxg6 24. Qd3 h6 25. Nh3 Nd4 26. Nf2 Qb7 27. Bf3 Rab8 
28. O-O Nxf3+ 29. Qxf3 Nh5 30. Qg4 Qb3 31. Ra3 Qxc4 32. Rf3 Rxb2 33. Qxg6 Rxd2 
34. Ng4 Kh8 35. Qxh5 Qf7 36. Qh4 Qg6 37. Rg3 Qxe4 38. Nxh6 Qh7 39. Rxg7 Qxg7 
40. Nf7+ Kg8 41. Nh6+ Kh8 42. Nf7+ Kg8 43. Nh6+ Kh8 1/2-1/2

[Event "Tuesday 24 April Rapid Engine Tour 12+1 Rounds 9 Starts 1600ST"]
[Site "Infinity Chess"]
[Date "2018.4.24"]
[Round "4"]
[White "star99"]
[Black "SkyPilot"]
[Result "1-0"]
[ECO "A46"]
[WhiteElo "2473"]
[BlackElo "2455"]
[WhiteEngine "Cryptic Heroes 9.4B"]
[BlackEngine "stockfish_x64_bmi2_2018_04_07_CTG"]
[EventType "Swiss"]
[WhiteTeam ""]
[BlackTeam ""]
[PlyCount "95"]
[TimeControl "720+1"]

1. d4 Nf6 2. Nf3 d5 3. c4 e6 4. e3 c6 5. Bd3 dxc4 6. Bxc4 Nbd7 7. O-O Bd6 
8. Nc3 O-O 9. e4 e5 10. Be3 b5 11. Bb3 b4 12. Na4 Qc7 13. dxe5 Bxe5 
14. Nxe5 Nxe5 15. f4 Ng6 16. Qc2 Ng4 17. Bc1 a5 18. h3 Nf6 19. Rf2 Nh5 
20. f5 Ne5 21. Nc5 Re8 22. a3 Ra7 23. Be3 Nf6 24. Rd1 h6 25. Kh1 Qe7 26. Kg1 Kh7 
27. Bd4 Rd8 28. Rfd2 Rd6 29. Bf2 Rxd2 30. Qxd2 a4 31. Bxa4 bxa3 32. bxa3 Rxa4 
33. Nxa4 Nxe4 34. Qd4 Nxf2 35. Kxf2 Bxf5 36. Nc5 f6 37. a4 Qa7 38. Kf1 Bc2 
39. Ra1 Bf5 40. Qf2 Bg6 41. a5 Nd3 42. Nxd3 Bxd3+ 43. Kg1 c5 44. a6 f5 
45. Kh1 Be4 46. Ra4 h5 47. Qe3 Bc6 48. Ra5 1-0

[Event "Tuesday 24 April Rapid Engine Tour 12+1 Rounds 9 Starts 1600ST"]
[Site "Infinity Chess"]
[Date "2018.4.24"]
[Round "4"]
[White "Thinker"]
[Black "Time_bandit"]
[Result "1/2-1/2"]
[ECO "C55"]
[WhiteElo "2480"]
[BlackElo "2465"]
[WhiteEngine "BrainFish_180418_x64_modern_CTG"]
[BlackEngine "asmFishW_2018-04-11_bmi2"]
[EventType "Swiss"]
[WhiteTeam ""]
[BlackTeam ""]
[PlyCount "110"]
[TimeControl "720+1"]

1. e4 e5 2. Nf3 Nc6 3. Bc4 Nf6 4. d3 Bc5 5. c3 d6 6. O-O a5 7. Re1 O-O 8. h3 h6 
9. Nbd2 Be6 10. b3 Bb6 11. a4 d5 12. Bb5 Ne7 13. exd5 Nfxd5 14. Qc2 c6 
15. Bc4 Ng6 16. d4 Ndf4 17. dxe5 Nh4 18. Bf1 Bd5 19. Re4 Nfg6 20. Bc4 Re8 
21. g3 Nxf3+ 22. Nxf3 Qd7 23. Bxd5 cxd5 24. Rg4 Qc6 25. Nd4 Bxd4 26. Rxd4 Nxe5 
27. Kg2 b5 28. axb5 Qxb5 29. Qd1 Qb7 30. Rxd5 a4 31. f3 Rac8 32. Bf4 Ng6 
33. Rxa4 Rxc3 34. Rd3 Qc6 35. Rxc3 Qxc3 36. Bc1 Rc8 37. Rc4 Rxc4 38. bxc4 Qxc4 
39. Qe1 Qd5 40. Qe8+ Kh7 41. Qe4 Qa2+ 42. Kg1 h5 43. Be3 Qe2 44. Bd4 Qxe4 
45. fxe4 f6 46. Kf2 Kg8 47. Kf3 Kf7 48. g4 h4 49. g5 fxg5 50. Kg4 Nf4 
51. Be3 Kf6 52. Bxf4 gxf4 53. Kxf4 g6 54. Kg4 Ke5 55. Kxh4 Kf4 1/2-1/2

[Event "Tuesday 24 April Rapid Engine Tour 12+1 Rounds 9 Starts 1600ST"]
[Site "Infinity Chess"]
[Date "2018.4.24"]
[Round "4"]
[White "quicksilver"]
[Black "Longin"]
[Result "1/2-1/2"]
[ECO "E20"]
[WhiteElo "2600"]
[BlackElo "2482"]
[WhiteEngine "Cryptic Heroes 9.4B"]
[BlackEngine "Raubfisch ME262_GTZ17b1_CTG"]
[EventType "Swiss"]
[WhiteTeam ""]
[BlackTeam ""]
[PlyCount "85"]
[TimeControl "720+1"]

1. d4 Nf6 2. c4 e6 3. Nc3 d5 4. Nf3 c6 5. e3 Nbd7 6. h3 Ne4 7. Bd3 f5 
8. Ne2 Bb4+ 9. Bd2 Bd6 10. Rc1 Qe7 11. O-O g5 12. Bc3 Qg7 13. Qe1 h5 14. Bb4 Bb8 
15. Kh1 a5 16. Bxa5 h4 17. Bb4 g4 18. Rg1 Rxa2 19. Ba3 Qh6 20. Bxe4 dxe4 
21. Ne5 Nxe5 22. dxe5 Bxe5 23. Qb4 Qg7 24. Rb1 g3 25. Rgf1 gxf2 26. Rxf2 Kf7 
27. c5 Ke7 28. Qb3 Rxa3 29. bxa3 Re8 30. Rd1 Bc7 31. Nf4 Qg8 32. Ne2 Kf8 
33. Qc3 Kf7 34. Qc4 Ke7 35. Qb3 Qg5 36. Kg1 Be5 37. Nf4 Qg3 38. Qb6 Kf7 
39. Re2 Qg5 40. Qb3 Qg3 41. Qb6 Qg5 42. Qb3 Qg3 43. Qb6 1/2-1/2

[Event "Tuesday 24 April Rapid Engine Tour 12+1 Rounds 9 Starts 1600ST"]
[Site "Infinity Chess"]
[Date "2018.4.24"]
[Round "4"]
[White "Deep_Impact"]
[Black "Murx"]
[Result "1/2-1/2"]
[ECO "C55"]
[WhiteElo "2453"]
[BlackElo "2513"]
[WhiteEngine "BrainFish_180411_x64_bmi2"]
[BlackEngine "asmFishW_2018-04-07_popcnt"]
[EventType "Swiss"]
[WhiteTeam ""]
[BlackTeam ""]
[PlyCount "152"]
[TimeControl "720+1"]

1. e4 e5 2. Nf3 Nc6 3. Bc4 Nf6 4. d3 Bc5 5. c3 d6 6. O-O O-O 7. Re1 Bb6 8. h3 h6 
9. Nbd2 a5 10. a4 Be6 11. Bxe6 fxe6 12. Nc4 Bc5 13. Be3 Bxe3 14. Rxe3 Nd7 
15. Na3 Qe7 16. Nb5 Nf6 17. Na3 Qf7 18. Qb3 Rab8 19. Nc4 Nh5 20. Kh2 g5 
21. Ncd2 Qd7 22. g3 Rf7 23. Kg2 b6 24. Nh2 Nf6 25. Ng4 Kg7 26. Rf3 Rbf8 
27. Nxf6 Rxf6 28. Rh1 Qe8 29. Re1 Kf7 30. Qd1 Rxf3 31. Nxf3 Ke7 32. h4 gxh4 
33. Nxh4 Kd7 34. Nf3 h5 35. Rh1 Kc8 36. Ng5 Rh8 37. Qb3 Rh6 38. Nf3 Rf6 
39. Rh4 Kb7 40. Qd1 Rf8 41. d4 exd4 42. Nxd4 Nxd4 43. Qxd4 Rg8 44. e5 Qc6+ 
45. Kg1 Rg5 46. exd6 Qxd6 47. Qe3 Re5 48. Qf3+ Qc6 49. Qd1 Qd6 50. Rd4 Qc6 
51. Kh2 Ka7 52. Rh4 Qd6 53. Rd4 Qc6 54. Rh4 Qd6 55. Qxd6 cxd6 56. Kg2 b5 
57. Rd4 bxa4 58. Rxa4 Kb6 59. Kf3 Rb5 60. Ra2 Kc6 61. Ke3 Re5+ 62. Kd2 Rd5+ 
63. Ke2 Rb5 64. c4 Rb6 65. Rxa5 Rxb2+ 66. Ke3 e5 67. Ra8 Rb3+ 68. Ke4 Rb2 
69. f4 exf4 70. gxf4 h4 71. Rh8 Re2+ 72. Kf3 Rc2 73. Rxh4 Rxc4 74. Rh1 d5 
75. f5 Kd6 76. Re1 Rc3+ 1/2-1/2

[Event "Tuesday 24 April Rapid Engine Tour 12+1 Rounds 9 Starts 1600ST"]
[Site "Infinity Chess"]
[Date "2018.4.24"]
[Round "4"]
[White "CrapCleaner"]
[Black "Susanne"]
[Result "1/2-1/2"]
[ECO "B30"]
[WhiteElo "2467"]
[BlackElo "2548"]
[WhiteEngine "Raubfisch ME262_GTZ17b1_CTG"]
[BlackEngine "asmFishW_IX_bmi2_CTG"]
[EventType "Swiss"]
[WhiteTeam ""]
[BlackTeam ""]
[PlyCount "141"]
[TimeControl "720+1"]

1. e4 c5 2. Nf3 Nc6 3. Nc3 g6 4. d4 cxd4 5. Nxd4 Bg7 6. Be3 Nf6 7. Bc4 O-O 
8. Bb3 d6 9. f3 Qa5 10. O-O Qc7 11. Ndb5 Qd8 12. Nd5 Nd7 13. Nd4 Nc5 14. Qd2 Bd7 
15. Rad1 Rc8 16. a3 Nxd4 17. Bxd4 Bxd4+ 18. Qxd4 Be6 19. Ba2 b5 20. Rde1 a5 
21. Rf2 Bxd5 22. exd5 Re8 23. Rfe2 Nd7 24. c3 Rb8 25. Bb3 Nc5 26. Bc2 e5 
27. dxe6 Nxe6 28. Qd5 Qb6+ 29. Kf1 b4 30. cxb4 axb4 31. a4 b3 32. Bd3 Rf8 
33. Re4 Nc5 34. Rc4 Ra8 35. Qd4 Qa5 36. Be4 Nxe4 37. fxe4 Rfe8 38. Rec1 Rad8 
39. Qd5 Qb6 40. R1c3 Re5 41. Rc6 Qb4 42. Qc4 Qa5 43. Ra6 Qc5 44. Qxc5 dxc5 
45. Rxb3 Rxe4 46. a5 c4 47. Ra3 Rd1+ 48. Kf2 f5 49. h4 Rd2+ 50. Kf3 Kf7 
51. Rb6 Ke7 52. Rb5 Ke6 53. Rb8 Ke7 54. a6 Rd3+ 55. Rxd3 cxd3 56. a7 d2 
57. Re8+ Kf6 58. Rf8+ Ke5 59. Rd8 Ra4 60. Rxd2 Rxa7 61. Re2+ Kd4 62. Rd2+ Ke5 
63. Re2+ Kd4 64. Re6 Rb7 65. g4 fxg4+ 66. Kxg4 Rxb2 67. h5 gxh5+ 68. Kxh5 h6 
69. Re1 Rb8 70. Rd1+ Kc3 71. Kxh6 1/2-1/2

[Event "Tuesday 24 April Rapid Engine Tour 12+1 Rounds 9 Starts 1600ST"]
[Site "Infinity Chess"]
[Date "2018.4.24"]
[Round "3"]
[White "KQRBNP"]
[Black "Katzenmaier"]
[Result "1/2-1/2"]
[ECO "D02"]
[WhiteElo "2366"]
[BlackElo "2473"]
[WhiteEngine "Eman 1.70-beta25 64-bit POPCNT"]
[BlackEngine "Raubfisch X36e3"]
[EventType "Swiss"]
[WhiteTeam ""]
[BlackTeam ""]
[PlyCount "173"]
[TimeControl "720+1"]

1. d4 d5 2. Nf3 Nf6 3. c4 e6 4. g3 Bb4+ 5. Bd2 Be7 6. Qc2 c6 7. Bg2 O-O 8. b3 b6 
9. O-O Nbd7 10. Rd1 Ba6 11. Bc3 Rc8 12. Nbd2 c5 13. a4 Qc7 14. Qb2 dxc4 
15. bxc4 Bb7 16. a5 cxd4 17. Bxd4 Bc5 18. axb6 axb6 19. Bc3 Rfe8 20. e3 Ba8 
21. Ra2 Bc6 22. Nb3 Bf8 23. Nbd4 Be4 24. Bf1 Bb7 25. Nb5 Qc6 26. Nbd4 Qd6 
27. Qe2 Ra8 28. Rxa8 Rxa8 29. Bg2 Qb8 30. Nb3 Qc7 31. Nfd4 Bxg2 32. Kxg2 Ne4 
33. Nb5 Qc8 34. Bb2 Ra4 35. f3 Rb4 36. Na1 Nef6 37. Rc1 g5 38. Ba3 Ra4 
39. Bb2 e5 40. g4 e4 41. h3 exf3+ 42. Qxf3 Rxc4 43. Na7 Qc7 44. Rxc4 Qxc4 
45. Bxf6 Qa2+ 46. Kg1 Qxa7 47. Bd4 Qa5 48. Nc2 Qb5 49. Ne1 Qb1 50. Kf2 Qa2+ 
51. Qe2 Qxe2+ 52. Kxe2 f6 53. Kd3 Kf7 54. Ba1 b5 55. Nc2 Nc5+ 56. Kc3 f5 
57. gxf5 Bg7+ 58. Kb4 Nd3+ 59. Kxb5 Bxa1 60. Nxa1 Kf6 61. Kc4 Nf2 62. Kd4 Kxf5 
63. e4+ Nxe4 64. Ke3 Ke5 65. Nc2 Nd6 66. Kf3 h5 67. Ne3 Nf5 68. Kf2 Nh4 
69. Nf1 Nf5 70. Ne3 Nh4 71. Nf1 Ng6 72. Kf3 Ne7 73. Nd2 Nf5 74. Ne4 Nd4+ 
75. Ke3 g4 76. Kd3 gxh3 77. Nf2 h2 78. Ke3 h4 79. Ng4+ Kf5 80. Nxh2 Nc6 
81. Kf2 Kf4 82. Kg2 Nd4 83. Kh3 Kg5 84. Ng4 Ne2 85. Ne5 Nf4+ 86. Kh2 Kh6 87. Nf3 
1/2-1/2

[Event "Tuesday 24 April Rapid Engine Tour 12+1 Rounds 9 Starts 1600ST"]
[Site "Infinity Chess"]
[Date "2018.4.24"]
[Round "3"]
[White "NINJA_JENGKA"]
[Black "angriff"]
[Result "1/2-1/2"]
[ECO "A08"]
[WhiteElo "2375"]
[BlackElo "2397"]
[WhiteEngine "Houdini 6"]
[BlackEngine "DracoREX 3.07 64BIT POPCNT_CTG"]
[EventType "Swiss"]
[WhiteTeam ""]
[BlackTeam ""]
[PlyCount "121"]
[TimeControl "720+1"]

1. Nf3 d5 2. g3 c5 3. Bg2 Nf6 4. O-O e6 5. d4 cxd4 6. Nxd4 e5 7. Nf3 Nc6 
8. c4 d4 9. e3 Be7 10. exd4 exd4 11. Bf4 Be6 12. Ne5 Rc8 13. Nd2 Nxe5 
14. Bxe5 Ng4 15. Re1 Nxe5 16. Rxe5 O-O 17. Bd5 Qd6 18. Qe1 Bxd5 19. Rxd5 Qc7 
20. Qe4 Bf6 21. Re1 h6 22. Rf5 Qd7 23. Qf3 Rfe8 24. Re4 Re6 25. Kg2 Rd8 
26. Rxe6 fxe6 27. Rb5 b6 28. Qd3 Qc6+ 29. Ne4 e5 30. f3 a6 31. Rd5 Rxd5 
32. cxd5 Qxd5 33. Qxa6 d3 34. Nc3 Qd4 35. Qa8+ Kf7 36. Qe4 d2 37. Qxd4 exd4 
38. Nd1 Ke6 39. Kf2 Bg5 40. b3 Be3+ 41. Ke2 Kd5 42. Nb2 h5 43. a4 g5 44. h3 Kc5 
45. Nd3+ Kd6 46. Kd1 Kd5 47. Nb2 Kc6 48. b4 Kd5 49. Ke2 Kc6 50. Nc4 d3+ 
51. Kd1 Bf2 52. f4 g4 53. hxg4 Bxg3 54. Ne5+ Kd6 55. a5 bxa5 56. bxa5 Bxf4 
57. Nxd3 hxg4 58. Nxf4 Kc5 59. Kxd2 Kc6 60. Ke1 g3 61. a6 1/2-1/2

[Event "Tuesday 24 April Rapid Engine Tour 12+1 Rounds 9 Starts 1600ST"]
[Site "Infinity Chess"]
[Date "2018.4.24"]
[Round "3"]
[White "draxlord"]
[Black "firestar"]
[Result "1/2-1/2"]
[ECO "D02"]
[WhiteElo "2441"]
[BlackElo "2220"]
[WhiteEngine "Cryptic Heroes 9.4B"]
[BlackEngine "Cryptic Heroes 9.4B"]
[EventType "Swiss"]
[WhiteTeam ""]
[BlackTeam ""]
[PlyCount "131"]
[TimeControl "720+1"]

1. d4 d5 2. Nf3 Bf5 3. c4 e6 4. e3 c6 5. Nc3 Nd7 6. Bd3 Bxd3 7. Qxd3 Ngf6 
8. O-O Be7 9. b3 Bb4 10. a3 Bxc3 11. Qxc3 Ne4 12. Qc2 O-O 13. a4 Rc8 14. Rd1 Re8 
15. Ba3 b6 16. Rac1 h6 17. Ne1 c5 18. dxc5 Ndxc5 19. f3 Nf6 20. Nd3 Nxd3 
21. Rxd3 Qc7 22. Qd2 dxc4 23. Rxc4 Qb7 24. Rxc8 Rxc8 25. h4 Qc7 26. Bd6 Qc6 
27. e4 Nd7 28. Kh2 Nc5 29. Rc3 Qd7 30. e5 Nb7 31. Bb4 Qxd2 32. Rxc8+ Qd8 
33. Rxd8+ Nxd8 34. Bc3 Nc6 35. b4 a6 36. Kg3 Ne7 37. Kf2 b5 38. axb5 axb5 
39. g3 Nf5 40. h5 g6 41. hxg6 fxg6 42. f4 Kf8 43. g4 Ne7 44. Kf3 Kg7 45. Bd2 Kf7 
46. Be1 h5 47. Bg3 Ng8 48. Ke4 hxg4 49. Kd4 g5 50. fxg5 Ne7 51. Kc5 Nf5 
52. Be1 g3 53. Kxb5 g2 54. Bf2 Ng3 55. Kc6 Ne4 56. Ba7 Nxg5 57. b5 Ke8 
58. Kd6 Kd8 59. Bd4 Kc8 60. Kc6 Nf3 61. Bc5 Nxe5+ 62. Kd6 g1=Q 63. Bxg1 Nc4+ 
64. Kxe6 Na3 65. b6 Kb7 66. Kf7 1/2-1/2

[Event "Tuesday 24 April Rapid Engine Tour 12+1 Rounds 9 Starts 1600ST"]
[Site "Infinity Chess"]
[Date "2018.4.24"]
[Round "3"]
[White "MedusaV3"]
[Black "blindfoldchess"]
[Result "1/2-1/2"]
[ECO "A46"]
[WhiteElo "2431"]
[BlackElo "2441"]
[WhiteEngine "Eman 1.70-beta23 64-bit BMI2_CTG"]
[BlackEngine "Cryptic Heroes 9.4B"]
[EventType "Swiss"]
[WhiteTeam ""]
[BlackTeam ""]
[PlyCount "204"]
[TimeControl "720+1"]

1. d4 Nf6 2. Nf3 e6 3. g3 Be7 4. Bg2 d5 5. c4 O-O 6. O-O dxc4 7. Qc2 a6 
8. a4 Bd7 9. Qxc4 Bc6 10. Bg5 Bd5 11. Qd3 c5 12. dxc5 Nbd7 13. Nc3 Nxc5 
14. Qe3 Rc8 15. Rfd1 h6 16. Bxf6 Bxf6 17. Nxd5 exd5 18. Ne5 Re8 19. Rxd5 Qb6 
20. Rb1 Nxa4 21. Qe4 g6 22. Qxa4 Rxe5 23. Rxe5 Bxe5 24. Qe4 Qb5 25. b3 Rc7 
26. Bf3 Bf6 27. Qa4 Qc5 28. Rd1 Kg7 29. Kg2 h5 30. h4 Be7 31. Qf4 Bf6 32. Rd3 b5 
33. Qd2 Qe7 34. e3 Rc8 35. Rd7 Rd8 36. Rxd8 Qxd8 37. Qc2 b4 38. Qc6 a5 
39. Qc5 Be7 40. Qe5+ Bf6 41. Qc5 Be7 42. Qa7 Bf6 43. Qa6 Be5 44. Qc4 Qd7 
45. Qc5 Qc7 46. Qb5 Bd6 47. Bd5 Qc5 48. Qb7 Bc7 49. Qa8 Qd6 50. Bc4 Qd7 
51. Qb7 Qd6 52. Qf3 Qf6 53. Qa8 Bb6 54. Qb7 Kf8 55. Be2 Kg8 56. Bb5 Kg7 
57. Bd3 Qe6 58. Bc4 Qf6 59. Qd7 Bc5 60. Qb7 Bb6 61. Bd5 Bc5 62. Qd7 Be7 
63. Qb5 Bd8 64. Qb7 Bb6 65. Bc4 Kf8 66. Qc8+ Kg7 67. Qe8 Bd8 68. Qe4 Bb6 
69. Qe8 Qf5 70. Qa8 Qf6 71. Qe4 Kf8 72. Qd5 Kg7 73. Qe4 Bc7 74. Qd5 Bb6 
75. Qa8 Bd8 76. Qc8 Bb6 77. Bd5 Qe7 78. Qc6 Bc7 79. Qc4 Kf8 80. Qd4 Be5 
81. Qb6 Bc7 82. Qd4 Kg8 83. Kg1 Bd8 84. f4 Qf6 85. Kf2 Kg7 86. Qxf6+ Kxf6 
87. Kf3 Bb6 88. e4 Bd4 89. e5+ Ke7 90. Bc4 f5 91. Bg8 Bc5 92. Bd5 Bg1 
93. Bc4 Bd4 94. Bd5 Bg1 95. Bc4 Ba7 96. Bd3 Bd4 97. Ba6 Kf7 98. Be2 Kf8 
99. Bb5 Ke7 100. Bd3 Ke6 101. Bc4+ Ke7 102. Bd5 Bg1 1/2-1/2

[Event "Tuesday 24 April Rapid Engine Tour 12+1 Rounds 9 Starts 1600ST"]
[Site "Infinity Chess"]
[Date "2018.4.24"]
[Round "3"]
[White "crossbones"]
[Black "ironchess"]
[Result "1/2-1/2"]
[ECO "D02"]
[WhiteElo "2447"]
[BlackElo "2472"]
[WhiteEngine "Cryptic Heroes 9.4B"]
[BlackEngine "Cryptic Heroes 9.4B"]
[EventType "Swiss"]
[WhiteTeam ""]
[BlackTeam ""]
[PlyCount "247"]
[TimeControl "720+1"]

1. d4 d5 2. Nf3 Bf5 3. c4 e6 4. e3 c6 5. Nc3 Nd7 6. Bd3 Bxd3 7. Qxd3 Ngf6 
8. O-O Bb4 9. Bd2 Bxc3 10. Bxc3 O-O 11. a4 Ne4 12. a5 Rc8 13. b3 Nxc3 
14. Qxc3 Qe7 15. Rac1 Nf6 16. Ne5 Ne4 17. Qc2 a6 18. Nd3 Nd6 19. g3 h5 
20. h4 Qd8 21. Qd2 Re8 22. Nc5 Qf6 23. Qe2 Qg6 24. Rfd1 Rcd8 25. Kg2 Re7 
26. Nd3 Nf5 27. Rh1 Nd6 28. Rhd1 Nf5 29. Kh3 Nh6 30. Nc5 f6 31. Rd2 Qg4+ 
32. Kg2 Nf5 33. Rh1 Kh7 34. Rc2 Qg6 35. Rd2 Qg4 36. Kh2 Kg8 37. Rb1 Kf7 
38. Re1 Qxe2 39. Rdxe2 Nd6 40. cxd5 exd5 41. Rh1 Rb8 42. Ree1 Ne4 43. Nxe4 Rxe4 
44. Kg2 Rbe8 45. Rc1 Kg6 46. Rcd1 Kf5 47. Kf3 R4e7 48. Rdg1 Re4 49. b4 g6 
50. Ra1 R4e7 51. Rac1 Re4 52. Ra1 Rg4 53. Kg2 Rge4 54. Raf1 R4e7 55. Rc1 Re4 
56. Kf3 R8e6 57. Rc5 Re8 58. Rcc1 Rh8 59. Ke2 Rhe8 60. Rcd1 R8e7 61. Kf3 R4e6 
62. Rdf1 Re4 63. Rd1 R4e6 64. Ra1 Re4 65. Rac1 Re8 66. Rb1 Rh8 67. Rhg1 g5 
68. Rg2 Rhe8 69. Rh2 g4+ 70. Kg2 R4e7 71. Rhh1 Re4 72. Ra1 R8e7 73. Rhc1 R7e6 
74. Kf1 Re7 75. Ra4 Rf7 76. Ra2 Ree7 77. Ke2 Rf8 78. Raa1 Rfe8 79. Rcb1 Ke4 
80. Rc1 Rh7 81. Rab1 Rg7 82. Rb2 Rd7 83. Rbc2 Ree7 84. Rc5 Re8 85. Rd1 Kf5 
86. Kd3 Rde7 87. Rcc1 Re4 88. Rh1 R4e7 89. Kd2 Re4 90. Rb1 Rb8 91. Kd3 Rbe8 
92. Rbc1 Kg6 93. Rhd1 Kf5 94. Rg1 R4e7 95. Rce1 Re4 96. Ra1 Rh8 97. Rge1 Rg8 
98. Red1 Re7 99. Rdc1 Re4 100. Rc5 Rd8 101. Rc2 Kg6 102. Rf1 Kf7 103. Rd1 Kg6 
104. Rb1 Kf7 105. Rcc1 Rd7 106. Kd2 Ke8 107. Rc5 Kf7 108. Kd3 Rd8 109. Rc2 Kf8 
110. Rcc1 Kf7 111. Rd1 Rd6 112. Rb2 Kg8 113. Ra1 Kh7 114. Rc2 Kg7 115. b5 axb5 
116. a6 bxa6 117. Rxa6 Ree6 118. Rc5 Kf7 119. Kc3 Kg6 120. Kc2 Kf7 121. Kb2 Kg6 
122. Kc2 Kf5 123. Kd3 Kg6 124. Kc2 1/2-1/2

[Event "Tuesday 24 April Rapid Engine Tour 12+1 Rounds 9 Starts 1600ST"]
[Site "Infinity Chess"]
[Date "2018.4.24"]
[Round "3"]
[White "mcstar"]
[Black "stormbreaker990"]
[Result "1/2-1/2"]
[ECO "B23"]
[WhiteElo "2472"]
[BlackElo "2446"]
[WhiteEngine "Cryptic Heroes 9.4B"]
[BlackEngine "Cryptic Heroes 9.4B"]
[EventType "Swiss"]
[WhiteTeam ""]
[BlackTeam ""]
[PlyCount "91"]
[TimeControl "720+1"]

1. e4 c5 2. Nc3 d6 3. Nge2 Nf6 4. d4 cxd4 5. Nxd4 Nc6 6. Bg5 e6 7. f4 h6 
8. Bh4 Be7 9. Qd3 e5 10. Nxc6 bxc6 11. fxe5 dxe5 12. Qxd8+ Bxd8 13. Bc4 Ke7 
14. O-O-O Be6 15. Bxe6 Kxe6 16. Rd3 Nh5 17. Bxd8 Rhxd8 18. Na4 Rxd3 19. Nc5+ Kd6 
20. Nxd3 Nf6 21. Rf1 a5 22. Rf5 Re8 23. Rf3 Re7 24. Re3 g6 25. Re1 h5 26. b3 Ra7 
27. Nb2 Ke6 28. Nc4 a4 29. Kb2 c5 30. a3 h4 31. Re3 Rb7 32. Kc1 axb3 
33. cxb3 Ng4 34. Rd3 Nxh2 35. Kc2 Ng4 36. Rd6+ Ke7 37. Rc6 Nf2 38. a4 Nxe4 
39. a5 Rd7 40. a6 Kd8 41. Nb6 Ra7 42. Kd3 Nf2+ 43. Ke2 Ne4 44. Kd3 Nf2+ 
45. Ke2 Ne4 46. Kd3 1/2-1/2

[Event "Tuesday 24 April Rapid Engine Tour 12+1 Rounds 9 Starts 1600ST"]
[Site "Infinity Chess"]
[Date "2018.4.24"]
[Round "3"]
[White "Vimtiroba"]
[Black "OlivierEvan"]
[Result "1/2-1/2"]
[ECO "D30"]
[WhiteElo "2423"]
[BlackElo "2412"]
[WhiteEngine "AsmFish A10_CTG"]
[BlackEngine "Houdini 6"]
[EventType "Swiss"]
[WhiteTeam ""]
[BlackTeam ""]
[PlyCount "145"]
[TimeControl "720+1"]

1. d4 d5 2. c4 e6 3. Nf3 Nf6 4. Nc3 Be7 5. Bf4 O-O 6. e3 Nbd7 7. Be2 dxc4 
8. Bxc4 a6 9. a4 c5 10. dxc5 Nxc5 11. O-O Qa5 12. Qe2 Bd7 13. Rfb1 Nfe4 
14. Nxe4 Nxe4 15. Bd3 Qb4 16. Be5 Rac8 17. Bd4 Nc5 18. Bc3 Qg4 19. h3 Qh5 
20. Bc2 f5 21. b4 Ne4 22. Be5 Ng5 23. Bd1 Bc6 24. Nd4 Qxe2 25. Bxe2 Bd5 
26. b5 Nf7 27. Bh2 axb5 28. Rxb5 Bf6 29. Rab1 Be4 30. Re1 e5 31. Ne6 Rfe8 
32. Nc5 Bc6 33. Rbb1 Be7 34. Nxb7 Bxa4 35. Rec1 Bc2 36. Ra1 Be4 37. Na5 Rxc1+ 
38. Rxc1 Bd5 39. Rd1 Be6 40. Nc4 e4 41. Nb6 Rd8 42. Rxd8+ Bxd8 43. Na8 Bd7 
44. Nc7 Kf8 45. Bd1 Bf6 46. Bb3 g6 47. f3 exf3 48. gxf3 Be5 49. h4 Bc6 
50. Nd5 Kg7 51. Bxe5+ Nxe5 52. Kg2 Nd3 53. Kg3 Bb7 54. Bc4 Ne5 55. Ba2 h6 
56. f4 Nd7 57. Ne7 Nf6 58. Bc4 Ne4+ 59. Kh3 Nd2 60. Ba2 h5 61. Nd5 Ne4 
62. Ne7 Kf6 63. Nd5+ Kg7 64. Nb4 Nc3 65. Kg3 Nxa2 66. Nxa2 Kf7 67. Nc1 Be4 
68. Nb3 Ke6 69. Nc5+ Kd5 70. Nd7 Ke6 71. Nc5+ Kd5 72. Nd7 Ke6 73. Nc5+ 1/2-1/2

[Event "Tuesday 24 April Rapid Engine Tour 12+1 Rounds 9 Starts 1600ST"]
[Site "Infinity Chess"]
[Date "2018.4.24"]
[Round "3"]
[White "KhalidOmar"]
[Black "Eman"]
[Result "1/2-1/2"]
[ECO "E15"]
[WhiteElo "2428"]
[BlackElo "2441"]
[WhiteEngine "Eman 1.70-beta24 64-bit BMI2"]
[BlackEngine "Eman 1.70-beta25 64-bit POPCNT"]
[EventType "Swiss"]
[WhiteTeam ""]
[BlackTeam ""]
[PlyCount "133"]
[TimeControl "720+1"]

1. d4 Nf6 2. c4 e6 3. Nf3 b6 4. g3 Bb4+ 5. Bd2 Bxd2+ 6. Qxd2 Ba6 7. b3 d5 
8. Bg2 O-O 9. Nc3 Nbd7 10. cxd5 exd5 11. O-O Bb7 12. Rac1 c6 13. Qb2 Re8 
14. Nd2 a5 15. Rfe1 c5 16. e4 dxe4 17. Ncxe4 Nxe4 18. Nxe4 Bxe4 19. Bxe4 Rc8 
20. Bf3 g6 21. dxc5 Rxe1+ 22. Rxe1 Nxc5 23. Rd1 Qe7 24. Rd5 a4 25. Kg2 axb3 
26. axb3 Rd8 27. Qd4 Rxd5 28. Bxd5 Qd7 29. Qc4 Ne6 30. h4 b5 31. Qd3 Kf8 
32. Qe4 Nc7 33. Qb4+ Kg8 34. Bf3 Ne6 35. Qe4 Nd4 36. Qd5 Qxd5 37. Bxd5 Kf8 
38. g4 Ke7 39. Kg3 f5 40. g5 Ne6 41. b4 Kd6 42. Ba2 Ke5 43. Bb3 Kd6 44. f3 Ke7 
45. Kf2 Nd4 46. Bg8 Kf8 47. Bd5 Ke7 48. f4 Kf8 49. Bb7 Kg7 50. Bf3 Kg8 
51. Bg2 Kh8 52. Bf1 Kg7 53. Bd3 Kf8 54. Ke3 Nc6 55. Bxb5 Nxb4 56. Kf2 Ke7 
57. Ke3 Ke6 58. Kf3 Kd6 59. Bf1 Kc5 60. h5 gxh5 61. Bh3 Nc2 62. Bxf5 Nd4+ 
63. Ke4 Nxf5 64. Kxf5 Kd4 65. Kf6 h4 66. f5 h3 67. g6 1/2-1/2